 Dungeon Crawl Stone Soup version 0.21.1-1-g345015fe64 (webtiles) character file.

612 Henning the Skirmisher (level 7, -1/60 HPs)
             Began as a Gnoll Abyssal Knight on June 15, 2018.
             Was a Priest of Lugonu.
             Slain by Menkaure (14 damage)
             ... on level 4 of the Dungeon.
             The game lasted 00:28:03 (5837 turns).

Henning the Skirmisher (Gnoll Abyssal Knight)       Turns: 5837, Time: 00:28:03

Health: -1/60      AC:  3    Str: 15    XL:     7   Next: 44%
Magic:  11/11      EV: 13    Int: 14    God:    Lugonu [***...]
Gold:   186        SH:  0    Dex: 16    Spells: 10/10 levels left

rFire    . . .     SeeInvis .   a - +1 falchion
rCold    . . .     Gourm    .   (no shield)
rNeg     . . .     Faith    .   b - +0 leather armour
rPois    +         Spirit   .   (no helmet)
rElec    .         Reflect  .   (no cloak)
rCorr    .         Harm     .   (no gloves)
MR       .....                  (no boots)
Stlth    +++.......             s - amulet of magic regeneration
HPRegen  0.20/turn              e - ring of poison resistance
MPRegen  0.37/turn              q - ring of stealth

@: no status effects
A: distributed training, fangs 1, strong nose
a: Depart the Abyss, Bend Space, Banish, Renounce Religion


You were on level 4 of the Dungeon.
You worshipped Lugonu.
Lugonu was most pleased with you.
You were hungry.

You visited 1 branch of the dungeon, and saw 4 of its levels.
You visited the Abyss 1 time.

You collected 186 gold pieces.

Inventory:

Hand Weapons
 a - a +1 falchion (weapon)
Armour
 b - a +0 leather armour (worn)
 w - a +0 pair of gloves
Jewellery
 e - a ring of poison resistance (left hand)
 q - a ring of stealth (right hand)
 s - an amulet of magic regeneration (around neck)
 v - an uncursed ring of fire
 x - an uncursed ring of stealth
Wands
 f - a wand of flame (14)
 z - a wand of digging (18)
Scrolls
 d - a scroll of noise {unknown}
 h - 2 scrolls of immolation {unknown}
 i - a scroll of teleportation
 l - 2 scrolls of remove curse
 n - a scroll of random uselessness {unknown}
 o - 4 scrolls of identify {unknown}
 t - a scroll of enchant weapon {unknown}
 y - a scroll of fear {unknown}
Potions
 g - 2 potions of curing {unknown}
 j - a potion of cancellation {unknown}
 k - a potion of haste {unknown}
 m - a potion of mutation {unknown}
 p - 3 potions of might {unknown}
 u - a potion of resistance {unknown}
 B - a potion of invisibility {unknown}
 C - a potion of heal wounds {unknown}
Books
 r - a book of Cantrips

   Spells                             Type                      Level
   a - Confusing Touch                Hexes                        1
   b - Animate Skeleton               Necromancy                   1
   c - Summon Small Mammal            Summoning                    1
   d - Apportation                    Translocation                1
Comestibles
 c - 6 rations


   Skills:
 + Level 7.0 Fighting
 + Level 2.4 Short Blades
 + Level 5.2 Long Blades
 + Level 2.4 Axes
 + Level 2.4 Maces & Flails
 + Level 2.4 Polearms
 + Level 2.4 Staves
 + Level 2.4 Slings
 + Level 2.4 Bows
 + Level 2.4 Crossbows
 + Level 2.4 Throwing
 + Level 5.2 Armour
 + Level 3.6 Dodging
 + Level 2.4 Stealth
 + Level 2.4 Shields
 + Level 2.4 Unarmed Combat
 + Level 2.4 Spellcasting
 + Level 2.0 Conjurations
 + Level 2.0 Hexes
 + Level 2.0 Charms
 + Level 2.0 Summonings
 + Level 2.0 Necromancy
 + Level 2.0 Translocations
 + Level 2.0 Transmutations
 + Level 2.0 Fire Magic
 + Level 2.0 Ice Magic
 + Level 2.0 Air Magic
 + Level 2.0 Earth Magic
 + Level 2.0 Poison Magic
 + Level 5.3 Invocations
 + Level 2.4 Evocations


You had 10 spell levels left.
You didn't know any spells.

Dungeon Overview and Level Annotations

Branches:
Dungeon (4/15)
 Temple: D:4-7

Altars:

Annotations:
D:3 2 transporters
D:4 exclusion: player ghost, Henning's ghost, weakling DrTm; Menkaure


Innate Abilities, Weirdness & Mutations

Your experience applies equally to all skills.
You have very sharp teeth.
Your uncanny sense of smell can sniff out nearby items.


Message History

Level annotation: exclusion: player ghost, Henning's ghost, weakling DrTm; Menkaure Menkaure gestures wildly while chanting.
Menkaure seems to speed up.
There is a stone staircase leading up here.
Menkaure calls on the powers of darkness!
Your body is wracked with pain!
Menkaure points at you and mumbles some strange words.
Pain shoots through your body!
You are too injured to fight recklessly!
You are too injured to fight recklessly!
Menkaure closely misses you.
There is a stone staircase leading up here.
You closely miss Menkaure.
Menkaure calls on the powers of darkness!
Your body is wracked with pain!
* * * LOW HITPOINT WARNING * * *
Menkaure shouts, "The curse of the Pharaohs be upon you!"
Menkaure misses you.
You barely miss Menkaure. Menkaure hits you!
You die...

#..# #..#
##..######
####..........
###.....########
##......##
###.......#
##.....M...#
#.......@..#
##.......###
###...### #####


You could see Menkaure.

Vanquished Creatures
  A water moccasin (D:3)
  A scorpion (D:3)
  4 electric eels (D:3)
  An orc wizard (D:2)
  2 hounds (D:4)
  An iguana (D:4)
  4 gnolls (D:3)
  2 adders
  A shadow imp (D:3)
  An ooze (D:2)
  An adder skeleton (D:4)
  3 worms (D:2)
  2 dart slugs
  3 leopard geckos
  3 orcs
  10 bats
  2 giant cockroaches (D:4)
  11 goblins
  15 hobgoblins
  9 jackals
  A quokka (D:3)
  6 frilled lizards
  8 kobolds
  A quokka skeleton (D:4)
  6 rats
99 creatures vanquished.

Notes
Turn   | Place    | Note
-------+----------+-------------------------------------------
     0 | Abyss:1  | Henning the Gnoll Abyssal Knight began the quest for the Orb.
     0 | Abyss:1  | Reached XP level 1. HP: 23/23 MP: 3/3
    17 | D:1      | Escaped the Abyss
    55 | D:1      | Reached XP level 2. HP: 6/29 MP: 5/5
   434 | D:1      | Reached ** piety under Lugonu
   434 | D:1      | Reached XP level 3. HP: 23/35 MP: 6/6
   739 | D:2      | Reached skill level 1 in Short Blades
   739 | D:2      | Reached skill level 1 in Axes
   739 | D:2      | Reached skill level 1 in Maces & Flails
   739 | D:2      | Reached skill level 1 in Polearms
   739 | D:2      | Reached skill level 1 in Staves
   739 | D:2      | Reached skill level 1 in Slings
   739 | D:2      | Reached skill level 1 in Bows
   739 | D:2      | Reached skill level 1 in Crossbows
   739 | D:2      | Reached skill level 1 in Throwing
   739 | D:2      | Reached skill level 1 in Stealth
   739 | D:2      | Reached skill level 1 in Shields
   739 | D:2      | Reached skill level 1 in Unarmed Combat
   739 | D:2      | Reached skill level 1 in Spellcasting
   739 | D:2      | Reached skill level 1 in Evocations
   843 | D:2      | Reached XP level 4. HP: 37/41 MP: 7/7
  1476 | D:3      | Reached skill level 1 in Conjurations
  1476 | D:3      | Reached skill level 1 in Hexes
  1476 | D:3      | Reached skill level 1 in Charms
  1476 | D:3      | Reached skill level 1 in Summonings
  1476 | D:3      | Reached skill level 1 in Necromancy
  1476 | D:3      | Reached skill level 1 in Translocations
  1476 | D:3      | Reached skill level 1 in Transmutations
  1476 | D:3      | Reached skill level 1 in Fire Magic
  1476 | D:3      | Reached skill level 1 in Ice Magic
  1476 | D:3      | Reached skill level 1 in Air Magic
  1476 | D:3      | Reached skill level 1 in Earth Magic
  1476 | D:3      | Reached skill level 1 in Poison Magic
  1522 | D:3      | Reached *** piety under Lugonu
  1591 | D:3      | Reached XP level 5. HP: 18/47 MP: 8/8
  1904 | D:3      | Noticed a water moccasin
  2551 | D:3      | Reached XP level 6. HP: 11/53 MP: 9/9
  2622 | D:3      | Found a transporter.
  2628 | D:3      | HP: 1/53 [shadow imp (3)]
  2629 | D:3      | Reached skill level 5 in Invocations
  3000 | D:3      | Killed a water moccasin
  3000 | D:3      | Reached skill level 5 in Long Blades
  3000 | D:3      | Reached skill level 5 in Armour
  3237 | D:3      | Found a transporter.
  3596 | D:3      | Found a transporter.
  3634 | D:3      | Found a transporter.
  4482 | D:3      | Reached XP level 7. HP: 35/59 MP: 10/10
  4631 | D:4      | Reached skill level 7 in Fighting
  5276 | D:4      | Noticed Henning's ghost (weakling DrTm)
  5540 | D:4      | Noticed Menkaure
  5837 | D:4      | Slain by Menkaure

Skill      XL: |  1  2  3  4  5  6  7 |
---------------+----------------------+-----
Short Blades   | 1 2 |  2.4
Axes           | 1 2 |  2.4
Maces & Flails | 1 2 |  2.4
Polearms       | 1 2 |  2.4
Staves         | 1 2 |  2.4
Slings         | 1 2 |  2.4
Bows           | 1 2 |  2.4
Crossbows      | 1 2 |  2.4
Throwing       | 1 2 |  2.4
Stealth        | 1 2 |  2.4
Shields        | 1 2 |  2.4
Unarmed Combat | 1 2 |  2.4
Spellcasting   | 1 2 |  2.4
Evocations     | 1 2 |  2.4
Conjurations   | 1 2 |  2.0
Hexes          | 1 2 |  2.0
Charms         | 1 2 |  2.0
Summonings     | 1 2 |  2.0
Necromancy     | 1 2 |  2.0
Translocations | 1 2 |  2.0
Transmutations | 1 2 |  2.0
Fire Magic     | 1 2 |  2.0
Ice Magic      | 1 2 |  2.0
Air Magic      | 1 2 |  2.0
Earth Magic    | 1 2 |  2.0
Poison Magic   | 1 2 |  2.0
Dodging        | 3 |  3.6
Invocations    | 5 |  5.3
Long Blades    | 5 |  5.2
Armour         | 5 |  5.2
Fighting       | 7 |  7.0

Action                   |  1- 3 |  4- 6 |  7- 9 || total
-------------------------+-------+-------+-------++-------
Melee: Falchion          |    87 |   140 |    72 ||   299
       Bite              |    12 |    17 |    13 ||    42
       Punch             |       |     1 |       ||     1
Invok: Bend Space        |       |     4 |     4 ||     8
Evoke: Wand              |       |     6 |     3 ||     9
  Use: Scroll            |       |     3 |       ||     3
 Stab: Sleeping          |     1 |     6 |       ||     7
       Distracted        |       |       |     1 ||     1
  Eat: Chunk             |       |     4 |     4 ||     8
       Ration            |       |     2 |       ||     2
Armor: Leather armour    |    21 |    23 |    14 ||    58
Dodge: Dodged            |    58 |   111 |    69 ||   238
       Rpst.: Falchion   |    16 |    35 |    18 ||    69
